 Dungeon Crawl Stone Soup version 0.28.0-53-g5a82cb258f (webtiles) character file.

Game seed: 477766370748106115

91 dranuc9 the Conjurer (level 4, 0/24 HPs)
             Began as a Deep Elf Conjurer on June 26, 2022.
             Slain by an ice beast (3 damage)
             ... on level 3 of the Dungeon.
             The game lasted 00:25:58 (2532 turns).

dranuc9 the Conjurer (Deep Elf Conjurer)            Turns: 2532, Time: 00:25:58

Health: 0/24       AC:  2    Str:  4    XL:     4   Next: 34%
Magic:  7/11       EV: 12    Int: 25    God:
Gold:   65         SH:  0    Dex: 13    Spells: 8/10 levels left

rFire   . . .      SeeInvis .   b - +0 dagger
rCold   . . .      Faith    .   (no shield)
rNeg    . . .      Spirit   .   a - +0 robe
rPois   .          Reflect  .   (no helmet)
rElec   .          Harm     .   (no cloak)
rCorr   .          Rampage  .   (no gloves)
Will    .....                   (no boots)
Stlth   ++........              (no amulet)
HPRegen 0.08/turn               (no ring)
MPRegen 0.12/turn               (no ring)

@: no status effects
A: no striking features
a: no special abilities


You were on level 3 of the Dungeon.
You visited 1 branch of the dungeon, and saw 3 of its levels.

You collected 65 gold pieces.

Inventory:

Hand Weapons
 b - a +0 dagger (weapon)
 f - a +0 short sword
 m - a +0 hunting sling
Missiles
 c - 2 poisoned darts (quivered)
 d - 12 sling bullets
Armour
 a - a +0 robe (worn)
Scrolls
 h - 2 scrolls of torment {unknown}
 i - 4 scrolls of enchant weapon {unknown}
 j - a scroll of fog {unknown}
 k - a scroll of amnesia {unknown}
Potions
 e - a potion of curing {unknown}
 g - a potion of haste {unknown}
 l - 2 potions of lignification {unknown}


   Skills:
 + Level 0.2 Fighting
 + Level 3.0 Dodging
 + Level 2.7 Stealth
 + Level 3.8 Spellcasting
 + Level 5.6 Conjurations
 + Level 0.7 Necromancy


You had 8 spell levels left.
You knew the following spells:

 Your Spells              Type           Power      Damage    Failure   Level
a - Magic Dart            Conj           100%       1d8       1%          1
b - Animate Skeleton      Necr           16%        N/A       7%          1

Your spell library contained the following spells:

 Spells                   Type           Power      Damage    Failure   Level
 Searing Ray              Conj           64%        2d6       1%          2
 Pain                     Necr           32%        1d5       7%          1
 Dazzling Flash           Conj/Hex       36%        N/A       9%          3
 Vampiric Draining        Necr           8%         2d6       21%         3
 Fulminant Prism          Conj/Hex       9%         3d7       28%         4
 Iskenderun's Mystic Bla  Conj/Tloc      18%        2d6       28%         4


Dungeon Overview and Level Annotations

Branches:
Dungeon (3/15)

Altars:


Message History

You see here a +0 hunting sling.
m - a +0 hunting sling
There is a stone staircase leading up here.
Found a stone staircase leading down.
An ice beast comes into view.
Casting: Magic Dart (safe; 1% risk of failure)
Confirm with . or Enter, or press ? or * to list all spells.
Aiming: Magic Dart (safe; 1% risk of failure)
Press: ? - help, Shift-Dir - straight line, f - ice beast
Aim: an ice beast (100% to hit)
The magic dart hits the ice beast.
The ice beast is lightly wounded.
Casting: Magic Dart (safe; 1% risk of failure)
Confirm with . or Enter, or press ? or * to list all spells.
Aiming: Magic Dart (safe; 1% risk of failure)
Press: ? - help, Shift-Dir - straight line, f/p - ice beast
Aim: an ice beast (lightly wounded, 100% to hit)
The magic dart hits the ice beast.
The ice beast is moderately wounded.
The ice beast hits you. The ice beast freezes you.
Casting: Magic Dart (safe; 1% risk of failure)
Confirm with . or Enter, or press ? or * to list all spells.
Aiming: Magic Dart (safe; 1% risk of failure)
Press: ? - help, Shift-Dir - straight line, f/p - ice beast
Aim: an ice beast (moderately wounded, 100% to hit)
The magic dart hits the ice beast.
The ice beast is moderately wounded.
The ice beast closely misses you.
Casting: Magic Dart (safe; 1% risk of failure)
Confirm with . or Enter, or press ? or * to list all spells.
Aiming: Magic Dart (safe; 1% risk of failure)
Press: ? - help, Shift-Dir - straight line, f/p - ice beast
Aim: an ice beast (moderately wounded, 100% to hit)
The magic dart hits the ice beast but does no damage.
The ice beast is moderately wounded.
The ice beast hits you. The ice beast freezes you!
Ouch! That really hurt!
* * * LOW HITPOINT WARNING * * *
The ice beast hits you.
You die...

... .# ... ####
.# ....+.>. ..
..#..## .## .....
.. #..# .#
#..###.#.####
#..@Y........
#.##.#.#.####
#.##.#.#
##########.##.#.#
#...........#.#.#
#....)....<.#.#.#
#(..........#.#.#
#.......(...#.#.#
#...........#.#


You could see an ice beast.

Vanquished Creatures
  Jessica (D:3)
  An adder (D:2)
  A dart slug (D:1)
  3 bats (D:1)
  4 endoplasms (D:1)
  4 giant cockroaches
  A goblin (D:1)
  9 hobgoblins
  6 jackals (D:1)
  2 quokkas
  5 ball pythons
  2 frilled lizards (D:1)
  A kobold (D:1)
  7 rats
47 creatures vanquished.

Vanquished Creatures (collateral kills)
  An endoplasm (D:2)
  A ball python (D:2)
2 creatures vanquished.

Grand Total: 49 creatures vanquished

Notes
Turn   | Place    | Note
-------+----------+-------------------------------------------
     0 | D:1      | dranuc9 the Deep Elf Conjurer began the quest for the Orb.
     0 | D:1      | Reached XP level 1. HP: 10/10 MP: 6/6
   274 | D:1      | Reached XP level 2. HP: 15/15 MP: 4/8
   495 | D:1      | Reached skill level 5 in Conjurations
   896 | D:1      | Reached XP level 3. HP: 19/19 MP: 6/9
  1119 | D:1      | Learned a level 1 spell: Animate Skeleton
  2017 | D:2      | Found a faded altar of an unknown god.
  2321 | D:3      | Noticed Jessica
  2335 | D:3      | Killed Jessica
  2336 | D:3      | Reached XP level 4. HP: 11/24 MP: 5/11
  2526 | D:3      | Noticed an ice beast
  2532 | D:3      | Slain by an ice beast

Illustrated notes

Levels and vault maps discovered:
D:1:      dpeg_chamrin_arrival_tetris, layout_basic, minmay_bisected
D:2:      layout_loops_ring, nicolae_ecumenical_lake_church, hex_large
D:3:      layout_basic, lightli_corner_chamber, uniq_jessica,
          uniq_crazy_yiuf_cottage

Skill      XL: |  1  2  3 |
---------------+----------+-----
Conjurations   | 5 |  5.6
Dodging        | 3 |  3.0
Fighting       | |  0.2
Stealth        | |  2.7
Spellcasting   | |  3.8
Necromancy     | |  0.7

Action                   |  1- 3 |  4- 6 || total
-------------------------+-------+-------++-------
Melee: Dagger            |     1 |       ||     1
 Cast: Magic Dart        |    98 |     4 ||   102
       Animate Skeleton  |     4 |       ||     4
Armor: Robe              |     8 |       ||     8
Dodge: Dodged            |    28 |     1 ||    29
